 Dungeon Crawl Stone Soup version 0.21.1-1-g345015fe64 (webtiles) character file.

77 KleinerIrrer the Chopper (level 4, -1/28 HPs)
             Began as a Gargoyle Fighter on Apr 4, 2018.
             Slain by Sigmund
             ... wielding a +0 scythe
              (3 damage)
             ... on level 2 of the Dungeon.
             The game lasted 00:00:27 (1363 turns).

KleinerIrrer the Chopper (Gargoyle Fighter)         Turns: 1363, Time: 00:00:28

Health: -1/28      AC: 10    Str: 20    XL:     4   Next: 34%
Magic:  4/4        EV:  7    Int:  9    God:
Gold:   47         SH:  9    Dex:  9    Spells: 3/3 levels left

rFire    . . .     SeeInvis .   Y - +0 war axe
rCold    . . .     Gourm    .   c - +0 shield
rNeg     + . .     Faith    .   b - +0 scale mail
rPois    ∞         Spirit   .   (no helmet)
rElec    +         Reflect  .   (no cloak)
rCorr    .         Harm     .   (no gloves)
MR       .....                  (no boots)
Stlth    ..........             (no amulet)
HPRegen  0.09/turn              (no ring)
MPRegen  0.09/turn              (no ring)

@: no status effects
A: negative energy resistance 1, electricity resistance, unbreathing,
petrification resistance, rot immunity, AC +3
a: no special abilities


You were on level 2 of the Dungeon.
You were not hungry.

You visited 1 branch of the dungeon, and saw 2 of its levels.

You collected 47 gold pieces.


Innate Abilities, Weirdness & Mutations

You are resistant to torment.
Your stone body is resilient. (AC +3)
You are immune to poison.
You resist negative energy. (rN+)
You are resistant to electric shocks. (rElec)
You can survive without breathing.
You are immune to petrification.
You are immune to rotting.


   Skills:
 - Level 3.2 Fighting
 + Level 4.1 Axes
 - Level 3.2 Armour
 - Level 3.2 Shields


You had 3 spell levels left.
You didn't know any spells.

Inventory:

Hand Weapons
 i - a +0 mace
 Y - a +0 war axe (weapon)
Armour
 b - a +0 scale mail (worn)
 c - a +0 shield (worn)
Scrolls
 g - a scroll of remove curse {unknown}
 j - a scroll of enchant armour {unknown}
 m - 2 scrolls of teleportation
Potions
 d - a potion of might
 e - a potion of brilliance {unknown}
 h - a potion of heal wounds {unknown}
 k - a potion of invisibility {unknown}
 l - a potion of curing {unknown}
Comestibles
 a - 5 chunks of flesh
 f - 4 rations

Dungeon Overview and Level Annotations

Branches:
Dungeon (2/15)

Altars:

Annotations:
D:2 Sigmund


Message History

You miss something. You hit the plant. Something hits you.
Your shield and scale mail prevent you from hitting something.
You hit the plant but do no damage.
You hear some strange, mumbled words.
A magic dart appears from out of thin air!
The magic dart hits you!
You closely miss something. You hit the plant. Something hits you.
You hit something but do no damage. You hit the plant but do no damage.
Something hits you but does no damage.
You closely miss something. You hit the plant but do no damage.
Something hits you.
You closely miss something. You hit the plant.
Something hits you but does no damage.
You closely miss something. You hit the plant. You block something's attack.
You miss something. You hit the plant but do no damage. Something hits you.
You die...

#.........##(.)###...<....#
##.......####.%(.#.########
#............))%...#
#.........##.....###
#.........##.....##
#.........###.....#### #
#.........# #..%7P~~..).
##.......## #....P7~~...
##.....## #...@~~.....
####### #..###{#.....
....## ...#... ......
....... ...... #......
..... .....# ..... ...###
.... .$..


There were no monsters in sight!

Vanquished Creatures
  2 adders (D:2)
  An ooze (D:1)
  3 worms (D:2)
  A dart slug (D:1)
  A leopard gecko (D:2)
  3 giant cockroaches
  6 goblins
  3 hobgoblins
  3 jackals (D:1)
  2 kobolds
  9 bats
  3 frilled lizards
  5 rats
42 creatures vanquished.

Notes
Turn   | Place    | Note
-------+----------+-------------------------------------------
     0 | D:1      | KleinerIrrer the Gargoyle Fighter began the quest for the Orb.
     0 | D:1      | Reached XP level 1. HP: 14/14 MP: 1/1
     0 | D:1      | 0 ||| counter = 52
    37 | D:1      | Reached skill level 2 in Axes
   101 | D:1      | Reached XP level 2. HP: 19/19 MP: 2/2
   452 | D:1      | Reached skill level 3 in Axes
   511 | D:1      | Reached XP level 3. HP: 23/23 MP: 3/3
   738 | D:1      | 738 ||| READING scroll labeled DOOMAXKE NOITE.
   739 | D:1      | 739 ||| READING scroll labeled WUANKE NAVUP.
   740 | D:1      | 740 ||| READING 2 scrolls labeled BUCEUFOSTE.
   744 | D:1      | 744 ||| READING scroll labeled AKUFFO YGEKAO.
   882 | D:2      | 882 ||| STAIRDANCE
  1035 | D:2      | 1035 ||| STAIRDANCE
  1054 | D:2      | Reached XP level 4. HP: 19/28 MP: 4/4
  1055 | D:2      | 1055 ||| STAIRDANCE
  1180 | D:2      | Reached skill level 4 in Axes
  1187 | D:2      | 1187 ||| STAIRDANCE
  1333 | D:2      | Noticed Sigmund
  1358 | D:2      | HP: 6/28 [something (4)]
  1360 | D:2      | HP: 2/28 [something (4)]
  1363 | D:2      | Slain by Sigmund

Vault maps used:
D:1:      roderic_crop_circles_arrival_small, hangedman_glass_teeth
D:2:      serial_bayou, serial_bayou_shore_b, serial_bayou_shore_a,
          serial_bayou_pond_e, serial_bayou_pond_b, interstate_on_off,
          kennysheep_generic_room_7, uniq_sigmund, uniq_terence,
          uniq_crazy_yiuf_cottage

Skill      XL: |  1  2  3  4 |
---------------+-------------+-----
Axes           | 2 3 4 |  4.1
Fighting       | |  3.2
Armour         | |  3.2
Shields        | |  3.2

Action                   |  1- 3 |  4- 6 || total
-------------------------+-------+-------++-------
Melee: War axe           |   154 |    52 ||   206
  Use: Scroll            |     4 |       ||     4
  Eat: Chunk             |     1 |     1 ||     2
Armor: Scale mail        |   109 |    25 ||   134
Dodge: Dodged            |    51 |    10 ||    61
Block: Shield            |   105 |    22 ||   127

Table legend:
 A = Spawn XP
 B = Non-spawn XP
 C = Spawn XP percentage of total XP
 D = Spawn monster count
 E = Non-spawn monster count
 F = Spawn count percentage of total count
 G = Total turns spent on level
                    A         B        C        D         E        F      G
               +---------+---------+-------+---------+---------+-------+---------
         Total |       0 |     111 |   0.0 |       0 |      42 |   0.0 |  1363
               +---------+---------+-------+---------+---------+-------+---------
           D:1 |       0 |      48 |   0.0 |       0 |      24 |   0.0 |  1084
           D:2 |       0 |      63 |   0.0 |       0 |      18 |   0.0 |   279
               +---------+---------+-------+---------+---------+-------+---------
